 Dungeon Crawl Stone Soup version 0.28-a0-1143-gcf6077d4cc (webtiles) character file.

Game seed: 4726970354248107768

502 siradein the Covered (level 7, -1/44 HPs)
             Began as a Tengu Fighter on Dec 14, 2021.
             Killed from afar by a steam dragon (8 damage)
             ... with a ball of steam
             ... on level 6 of the Dungeon.
             The game lasted 00:15:15 (4932 turns).

siradein the Covered (Tengu Fighter)                Turns: 4932, Time: 00:15:16

Health: -1/44      AC:  6    Str: 19    XL:     7   Next: 17%
Magic:  8/8        EV: 14    Int:  8    God:
Gold:   115        SH:  5    Dex: 13    Spells: 6/6 levels left

rFire   . . .      SeeInvis .   a - +0 long sword
rCold   . . .      Faith    .   c - +0 buckler
rNeg    . . .      Spirit   .   h - +0 ring mail
rPois   .          Reflect  .   (helmet restricted)
rElec   .          Harm     .   (no cloak)
rCorr   .          Rampage  .   (no gloves)
Will    .....                   (boots unavailable)
Stlth   +.........              (no amulet)
HPRegen 0.14/turn               (no ring)
MPRegen 0.11/turn               (no ring)

@: flying quickly and evasively, quick
A: beak, talons 3, nimble flight
a: no special abilities


You were on level 6 of the Dungeon.
You visited 1 branch of the dungeon, and saw 5 of its levels.

You collected 115 gold pieces.

Inventory:

Hand Weapons
 a - a +0 long sword (weapon)
Missiles
 f - a throwing net (quivered)
Armour
 c - a +0 buckler (worn)
 h - a +0 ring mail (worn)
Wands
 r - a wand of charming (10)
Scrolls
 d - a scroll of enchant armour {unknown}
 j - a scroll of teleportation {unknown}
 o - 2 scrolls of fear {unknown}
 p - a scroll of vulnerability {unknown}
 q - 2 scrolls of noise {unknown}
 s - a scroll of silence {unknown}
 t - a scroll of blinking {unknown}
 u - a scroll of identify {unknown}
Potions
 b - a potion of resistance {unknown}
 e - 3 potions of curing
 g - a potion of heal wounds {unknown}
 i - a potion of haste {unknown}
 k - a potion of brilliance {unknown}
 l - 2 potions of attraction {unknown}
 m - a potion of cancellation {unknown}
 n - a potion of mutation {unknown}


   Skills:
 + Level 4.4 Fighting
 + Level 4.1 Long Blades
 + Level 4.8 Armour
 + Level 3.1 Dodging
 + Level 4.4 Shields


You had 6 spell levels left.
You didn't know any spells.
Your spell library was empty.

Dungeon Overview and Level Annotations

Branches:
Dungeon (4/15)
 Temple: D:4-7

Altars:
Cheibriados
Elyvilon
Gozag
Qazlal
The Shining One

Shops:
D:1 *   D:2 [

Annotations:
D:6 3 runed translucent doors, SensoryNuts's ghost, novice DsGl


Innate Abilities, Weirdness & Mutations

You have a beak for a mouth.
You have claws for feet.
Your magical nature lets you fly swiftly and evasively.


Message History

The scorpion closely misses you.
You see here 16 gold pieces.
A jelly comes into view.
The jelly quivers.
A white imp comes into view.
The white imp shouts!
The scorpion stings you.
You are poisoned.
The scorpion poisons you!
You feel sick.
You feel sick. You block the jelly's attack.
You barely miss the white imp. You claw the white imp.
The white imp is severely wounded.
You feel sick. The jelly closely misses you. The white imp barely misses you.
The scorpion barely misses you. You block the jelly's attack.
The white imp hits you but does no damage.
You feel sick.
You feel sick.
The kobold brigand shouts!
You hear a shout!
The scorpion barely misses you.
You hear a shout!
Found a glowing quarterstaff.
Found a runed translucent gate.
You feel sick.
The kobold brigand shouts!
The white imp gestures at you. The puff of frost hits you!
* * * LOW HITPOINT WARNING * * *
A steam dragon comes into view.
Found 3 gold pieces.
You feel sick.
SensoryNuts's ghost turns its malevolent gaze towards you.
The steam dragon hisses angrily.
You hear a shout! x2
The white imp summons a swarm of flies.
You feel sick.
You are no longer poisoned.
The kobold brigand shouts!
The kobold demonologist shouts!
You hear a shout!
Found a throwing net and 27 gold pieces.
The kobold brigand shouts!
The white imp summons a swarm of flies.
The steam dragon breathes steam at you. The ball of steam hits you!
You die...

####..#.+ #.......##
##.###..!.# ###
#..###..### .#.# #.
#...h## +#...#.
#.##.#..# ###$....(.
#....#..# #.........
#..#...o####..D......
##......h..5s@.......
#........J...##+++##
#..........###KWK..#
############ K#KK.#.
KK#K#.⌠ .#...#.
#.....# # $.##


You could see a kobold demonologist, a steam dragon (catching breath), a black
bear, 7 kobold brigands, a scorpion, a jelly, SensoryNuts's ghost, a white imp
and an orc.

Vanquished Creatures
  Sigmund (D:4)
  Jessica (D:2)
  Natasha (thrice) (D:2)
  2 orc wizards (D:4)
  7 gnolls
  3 adders (D:3)
  A worm (D:3)
  4 dart slugs
  4 orcs
  12 endoplasms
  A giant cockroach (D:1)
  5 goblins
  6 hobgoblins
  3 quokkas
  9 ball pythons
  7 bats
  5 frilled lizards
  4 kobolds
  8 rats
86 creatures vanquished.

Notes
Turn   | Place    | Note
-------+----------+-------------------------------------------
     0 | D:1      | siradein the Tengu Fighter began the quest for the Orb.
     0 | D:1      | Reached XP level 1. HP: 14/14 MP: 2/2
   260 | D:1      | Reached XP level 2. HP: 19/19 MP: 3/3
   409 | D:1      | Found a faded altar of an unknown god.
   761 | D:1      | Found Juaps's Assorted Antiques.
   773 | D:1      | Reached XP level 3. HP: 21/23 MP: 4/4
  1377 | D:1      | Reached skill level 1 in Dodging
  1584 | D:2      | Reached XP level 4. HP: 13/28 MP: 5/5
  2042 | D:2      | Noticed Natasha
  2051 | D:2      | Killed Natasha
  2458 | D:2      | Noticed Natasha
  2470 | D:2      | Killed Natasha
  2471 | D:2      | Gained mutation: Your magical nature lets you fly swiftly
                  | and evasively. [Tengu growth]
  2471 | D:2      | Reached XP level 5. HP: 17/33 MP: 6/6
  2639 | D:2      | Noticed Jessica
  2643 | D:2      | Killed Jessica
  2973 | D:2      | Found Wagiw's Antique Armour Shop.
  3188 | D:2      | Noticed Natasha
  3194 | D:2      | Killed Natasha
  3614 | D:3      | Found an opulent altar of Gozag.
  3796 | D:3      | Found a stormy altar of Qazlal.
  3804 | D:3      | Reached XP level 6. HP: 38/38 MP: 7/7
  3823 | D:3      | Found a glowing golden altar of the Shining One.
  4041 | D:3      | Found a snail-covered altar of Cheibriados.
  4278 | D:4      | Noticed Sigmund
  4290 | D:4      | Killed Sigmund
  4291 | D:4      | Reached XP level 7. HP: 28/44 MP: 8/8
  4873 | D:4      | You are sucked into a shaft and drop 2 floors!
  4873 | D:6      | Found a white marble altar of Elyvilon.
  4928 | D:6      | Found a runed translucent gate.
  4928 | D:6      | Noticed SensoryNuts's ghost (novice DsGl)
  4929 | D:6      | Found a runed translucent gate.
  4929 | D:6      | Noticed a steam dragon
  4930 | D:6      | Found a runed translucent gate.
  4930 | D:6      | Noticed a kobold demonologist
  4932 | D:6      | Killed from afar by a steam dragon

Illustrated notes

Levels and vault maps discovered:
D:1:      heliophobic_arrival_enchanted_forest, layout_rooms, serial_shops,
          nicolae_shop_competitors_out_of_business,
          ebering_ecumenical_altar_box, roderic_roman_lattice,
          serial_bayou_pond_d
D:2:      cheibrodos_helix_gallery, layout_loops_corners, serial_shops,
          nicolae_lakefront_shop, uniq_jessica, uniq_natasha
D:3:      layout_basic, general_overflow_altar, mainiacjoe_overflow_paths,
          grunt_gozag_breadcrumbs, mainiacjoe_overflow_alcove_1, serial_curves,
          eino_curves_02, eino_curves_02
D:4:      layout_cave_pods, serial_park, serial_park_tiny_pond,
          serial_park_tiny_1, serial_park_square1 [serial_park_minivault_5x5_1],
          serial_park_tiny_2, serial_park_tiny_2, minmay_between, uniq_edmund,
          uniq_sigmund, uniq_pikel
D:6:      layout_rooms, elyvilon_altar_5, lemuel_tele_altar,
          minmay_temple_entry_hall, gammafunk_ghost_nasty_kobolds,
          grunt_ministairs_15

Skill      XL: |  1  2  3  4  5  6 |
---------------+-------------------+-----
Dodging        | 1 2 3 |  3.1
Long Blades    | 3 4 |  4.1
Armour         | 4 |  4.8
Fighting       | 4 |  4.4
Shields        | 4 |  4.4

Action                   |  1- 3 |  4- 6 |  7- 9 || total
-------------------------+-------+-------+-------++-------
Melee: Long sword        |    76 |   113 |    29 ||   218
       Kick              |    17 |    23 |     6 ||    46
       Peck              |     6 |    14 |     7 ||    27
  Use: Potion            |       |     1 |       ||     1
Armor: Scale mail        |    19 |       |       ||    19
       Ring mail         |    12 |    23 |    11 ||    46
Dodge: Dodged            |    35 |    63 |    17 ||   115
Block: Buckler           |    18 |    25 |     2 ||    45

Table legend: (Time is in decaauts)
 A = Elapsed time spent in this place.
 B = Non-inter-level travel time spent in this place.
 C = Inter-level travel time spent in this place.
 D = Time resting spent in this place.
 E = Time spent auto-exploring this place.
 F = Levels seen in this place.
 G = Mean time per level.
                   A        B        C        D        E       F      G
               +--------+--------+--------+--------+--------+-----+--------+
         Total |   4842 |   4790 |     52 |    630 |   3370 |   5 |  968.4 |
       Dungeon |   4842 |   4790 |     52 |    630 |   3370 |   5 |  968.4 |
               +--------+--------+--------+--------+--------+-----+--------+

Top non-repeatable levels by time:
     D:2: 1741 daAuts
     D:1: 1588 daAuts
     D:3: 1136 daAuts
     D:4: 323 daAuts
     D:6: 53 daAuts
